 Dungeon Crawl Stone Soup version 0.31-a0-640-g39d97e502b (webtiles) character file.

Game seed: 12800361115826316066

66 qw the Shooter (level 4, -2/28 HPs)
             Began as a Gargoyle Hunter on Aug 27, 2023.
             Slain by Sigmund
             ... wielding a +0 scythe
              (9 damage)
             ... on level 3 of the Dungeon.
             The game lasted 00:00:40 (1511 turns).

qw the Shooter (Gargoyle Hunter)                    Turns: 1511, Time: 00:00:40

Health: -2/28      AC:  8    Str: 14    XL:     4   Next: 15%
Magic:  4/4        EV: 11    Int: 10    God:
Gold:   72         SH:  0    Dex: 15    Spells: 3/3 levels left

rFire   . . .        Y - +0 shortbow
rCold   . . .        (shield currently unavailable)
rNeg    + . .        l - +1 leather armour of the Merwolf {Stlth+}
rPois   inf          (no helmet)
rElec   +            (no cloak)
rCorr   .            e - +0 pair of gloves
SInv    .            (no boots)
Will    .....        (no amulet)
Stlth   +++          (no ring)
HPRegen 0.24/turn    (no ring)
MPRegen 0.09/turn

%: no passive effects
@: no status effects
A: sickness immunity, AC +3, negative energy resistance 1, electricity
resistance, torment resistance 1, petrification resistance
a: no special abilities


You were on level 3 of the Dungeon.
You visited 1 branch of the dungeon, and saw 3 of its levels.

You collected 72 gold pieces.


Innate Abilities, Weirdness & Mutations

You are immune to sickness and miasma.
Your stone body is resilient. (AC +3)
You are immune to poison.
You resist negative energy. (rN+)
You are resistant to electric shocks. (rElec)
You are resistant to unholy torment.
You are immune to petrification.


   Skills:
 - Level 3.0 Fighting
 + Level 5.2 Ranged Weapons
 - Level 1.5 Dodging
 - Level 1.1 Stealth


You had 3 spell levels left.
You didn't know any spells.
Your spell library was empty.

Inventory:

Hand Weapons
 Y - a +0 shortbow (weapon)
Armour
 e - a +0 pair of gloves (worn)
 l - the +1 leather armour of the Merwolf (worn) {Stlth+}
   (You found it on level 2 of the Dungeon)

   Stlth+:    It makes you more stealthy.
Scrolls
 a - a scroll of identify
Potions
 d - 2 potions of curing
 g - a potion of attraction {unknown}
 h - a potion of enlightenment {unknown}
 k - a potion of ambrosia {unknown}

Dungeon Overview and Level Annotations

Branches:
Dungeon (3/15)

Altars:
Uskayaw

Annotations:
D:3 Sigmund


Message History

You shoot an arrow. The arrow hits the kobold.
You kill the kobold!
Sigmund the Dreaded comes into view.
He is wielding a +0 scythe.
Sigmund shouts!
You shoot an arrow. The arrow hits Sigmund!
Sigmund is moderately wounded.
You shoot an arrow. The arrow hits Sigmund.
Sigmund is moderately wounded.
Sigmund hits you but does no damage.
You shoot an arrow. The arrow closely misses Sigmund.
Sigmund casts a spell at you. You resist with some effort.
You shoot an arrow. The arrow hits Sigmund.
Sigmund is heavily wounded.
Sigmund gestures wildly while chanting.
Sigmund flickers and vanishes!
Deactivating autopickup; reactivate with Ctrl-A.
Something barely misses you.
You shoot an arrow. You shoot an arrow.
You hear some strange, mumbled words.
You are confused.
You shoot an arrow. Something hits you.
You shoot an arrow.
A magic dart appears from out of thin air!
The magic dart hits you.
You shoot an arrow. Something hits you but does no damage.
You shoot an arrow. Something hits you.
You shoot an arrow. Something hits you!
You shoot an arrow.
You feel less confused.
You shoot an arrow. Something hits you.
You shoot an arrow. Something hits you!
You die...

##..# #.# ##.#
#.# #.# #.## #.#
#... #.# #### #
#########.# ##.
#.........#
##...#.#########
#...{.@#
##......#
.........#
####.#...#
#.##### #


There were no monsters in sight!

Vanquished Creatures
  An adder (D:2)
  2 worms (D:2)
  5 endoplasms
  2 giant cockroaches (D:1)
  8 goblins
  4 hobgoblins
  5 kobolds
  A quokka (D:2)
  10 ball pythons
  4 bats (D:1)
  5 frilled lizards
  A rat (D:2)
48 creatures vanquished.

Notes
Turn   | Place    | Note
-------+----------+-------------------------------------------
     0 | D:1      | qw the Gargoyle Hunter began the quest for the Orb.
     0 | D:1      | Reached XP level 1. HP: 12/12 MP: 1/1
     0 | D:1      | 0 ||| qw: Version: 0.3-a-74-g0d5e918
     0 | D:1      | 0 ||| qw: Game counter: 142
     0 | D:1      | 0 ||| qw: Melee chars always use a shield: true
     0 | D:1      | 0 ||| qw: God list: Okawaru
     0 | D:1      | 0 ||| qw: Allow faded altars: false
     0 | D:1      | 0 ||| qw: Do Orc after clearing Dungeon:15 true
     0 | D:1      | 0 ||| qw: Do second Lair branch before Depths: true
     0 | D:1      | 0 ||| qw: Lair rune preference: random
     0 | D:1      | 0 ||| qw: Goals: Normal
     0 | D:1      | 0 ||| PLANNING D:1-11
   134 | D:1      | Reached XP level 2. HP: 17/17 MP: 2/2
   282 | D:1      | Reached XP level 3. HP: 20/21 MP: 3/3
   354 | D:1      | Reached skill level 5 in Ranged Weapons
   384 | D:1      | You fall into a shaft and drop 1 floor!
   456 | D:2      | Found a hide-covered altar of Uskayaw.
   482 | D:2      | Identified the +1 leather armour of the Merwolf {Stlth+}
   500 | D:2      | 500 ||| UPGRADING to +0 pair of gloves.
   505 | D:2      | 505 ||| FLEEEEING.
   506 | D:2      | 506 ||| FLEEEEING.
   509 | D:2      | 509 ||| FLEEEEING.
   510 | D:2      | 510 ||| FLEEEEING.
   511 | D:2      | 511 ||| FLEEEEING.
   513 | D:2      | 513 ||| STAIRDANCE
   515 | D:1      | 515 ||| UPGRADING to +0 ring mail.
   525 | D:1      | 525 ||| DROPPING +0 leather armour.
   526 | D:1      | 526 ||| UPGRADING to +1 leather armour of the Merwolf
                  | {Stlth+}.
   536 | D:1      | 536 ||| DROPPING +0 ring mail.
   749 | D:1      | 749 ||| READING 2 scrolls labelled ZUS WAOFFAALOU.
   750 | D:1      | 750 ||| READING scroll labelled HEYPA GOJER.
   751 | D:1      | 751 ||| DRINKING 3 puce potions.
   752 | D:1      | 752 ||| DROPPING scroll of butterflies.
   801 | D:2      | 801 ||| STAIRDANCE
   868 | D:2      | Reached skill level 3 in Fighting
  1018 | D:2      | Reached XP level 4. HP: 28/28 MP: 4/4
  1276 | D:2      | 1276 ||| READING scroll labelled UXEIM OKETE.
  1277 | D:2      | 1277 ||| READING 2 scrolls of identify.
  1277 | D:2      | 1277 ||| IDENTIFYING fizzy orange potion
  1278 | D:2      | 1278 ||| DROPPING potion of lignification.
  1497 | D:3      | Noticed Sigmund
  1510 | D:3      | HP: 7/28 [something (2)]
  1511 | D:3      | Slain by Sigmund

Levels and vault maps discovered:
D:1:      dpeg_arrival_pits, layout_basic
D:2:      layout_loops_ring, basic_altar
D:3:      layout_loops_corners, nicolae_shop_vocational, uniq_grinder,
          uniq_sigmund

Skill      XL: |  1  2  3 |
---------------+----------+-----
Ranged Weapons | 5 |  5.2
Fighting       | 3 |  3.0
Dodging        | |  1.5
Stealth        | |  1.1

Action                     |  1- 3 |  4- 6 || total
---------------------------+-------+-------++-------
   Fire: Shortbow          |   129 |    23 ||   152
    Use: Scroll            |     2 |     2 ||     4
         Potion            |     1 |       ||     1
 Armour: Leather armour    |    23 |     2 ||    25
  Dodge: Dodged            |    22 |     1 ||    23

Table legend:
 A = Non-vault XP
 B = Vault XP
 C = Vault XP percentage of total XP
 D = Non-vault monster count
 E = Vault monster count
 F = Vault count percentage of total count
                 A         B        C        D         E       F
            +---------+---------+-------+---------+---------+-------
      Total |      95 |       0 |   0.0 |      48 |       0 |   0.0
            +---------+---------+-------+---------+---------+-------
        D:1 |      41 |       0 |   0.0 |      26 |       0 |   0.0
        D:2 |      49 |       0 |   0.0 |      19 |       0 |   0.0
        D:3 |       5 |       0 |   0.0 |       3 |       0 |   0.0
            +---------+---------+-------+---------+---------+-------
